IL
NORFOLK TIDES @ OMAHA STORM CHASERS
04/17/2048
 
TOP OF THE 1ST
Norfolk Tides batting - Pitching for Omaha Storm Chasers : RHP Matthew Orphan
Pitching: RHP Matthew Orphan
Batting: LHB Tyler Allen 0-0: Ball
1-0: Called Strike
1-1: Ball
2-1: Ball
3-1: Foul Ball, location: 2F
3-2: Ground out 6-3 (Groundball, 6, EV 98.1 MPH)
Batting: LHB Jose Chinchilla 0-0: Foul Ball, location: 2F
0-1: Called Strike
0-2: Ball
1-2: Ball
2-2: Strikes out swinging
Batting: RHB Kory Sanchez 0-0: DOUBLE (Line Drive, 78D, EV 106.2 MPH)
Batting: RHB Muneer Maudad 0-0: Foul Ball, location: 2F
0-1: Fly out, F8 (Flyball, 89M, EV 91.2 MPH)
Top of the 1st over - 0 runs, 1 hit, 0 errors, 1 left on base; Norfolk 0 - Omaha 0
BOTTOM OF THE 1ST
Omaha Storm Chasers batting - Pitching for Norfolk Tides : RHP Sam Wilson
Pitching: RHP Sam Wilson
Batting: LHB Jim Pankratz 0-0: Ball
1-0: Ball
2-0: SOLO HOME RUN (Flyball, 9D, EV 95.0 MPH), Distance : 357 ft
Batting: RHB Walt Cogswell 0-0: Ball
1-0: Foul Ball, location: 2F
1-1: Ball
2-1: Called Strike
2-2: Strikes out swinging
Batting: RHB Taisei Fujii 0-0: Ball
1-0: Ground out U3 (Groundball, 3S, EV 83.8 MPH)
Batting: RHB Danny Weisse 0-0: Foul Ball, location: 2F
0-1: SINGLE (Flyball, 78S, EV 90.6 MPH)
Batting: LHB Danny Bailey 0-0: Called Strike
0-1: Called Strike
0-2: Foul Ball, location: 2F
0-2: Foul Ball, location: 2F
0-2: Ball
Danny Weisse is caught stealing 2nd base 2-6
Bottom of the 1st over - 1 run, 2 hits, 0 errors, 0 left on base; Norfolk 0 - Omaha 1
TOP OF THE 2ND
Norfolk Tides batting - Pitching for Omaha Storm Chasers : RHP Matthew Orphan
Batting: LHB Wes Goscinski 0-0: Ball
1-0: Ground out 6-3 (Groundball, 6, EV 83.1 MPH)
Batting: SHB Brian Bentz 0-0: Ball
1-0: Ground out 1-3 (Groundball, 13S, EV 75.6 MPH)
Batting: RHB Travis Carter 0-0: Ball
1-0: Called Strike
1-1: Ball
2-1: Ball
3-1: Ground out 6-3 (Groundball, 6, EV 93.8 MPH)
Top of the 2nd over - 0 runs, 0 hits, 0 errors, 0 left on base; Norfolk 0 - Omaha 1
BOTTOM OF THE 2ND
Omaha Storm Chasers batting - Pitching for Norfolk Tides : RHP Sam Wilson
Batting: LHB Danny Bailey 0-0: Ball
1-0: Called Strike
1-1: Fly out, F7 (Line Drive, 7, EV 87.5 MPH)
Batting: SHB Francisco Gutierrez 0-0: Fly out, F8 (Flyball, 8LXD, EV 89.4 MPH)
Batting: RHB Yuichi Takata 0-0: Swinging Strike
0-1: Ball
1-1: Called Strike
1-2: Foul Ball, location: 2F
1-2: Foul Ball, location: 2F
1-2: Ball
2-2: Foul Ball, location: 2F
2-2: Ball
3-2: Ground out 4-3 (Groundball, 4, EV 104.4 MPH)
Bottom of the 2nd over - 0 runs, 0 hits, 0 errors, 0 left on base; Norfolk 0 - Omaha 1
TOP OF THE 3RD
Norfolk Tides batting - Pitching for Omaha Storm Chasers : RHP Matthew Orphan
Batting: RHB Ryan Taylor 0-0: Ball
1-0: Ball
2-0: Ground out 5-3 (Groundball, 5, EV 103.1 MPH)
Batting: RHB Andy Bridger 0-0: Ball
1-0: Foul Ball, location: 2F
1-1: Ball
2-1: Foul Ball, location: 2F
2-2: Ball
3-2: Foul Ball, location: 2F
3-2: DOUBLE (Groundball, 5L, EV 102.5 MPH)
Batting: LHB Tyler Allen 0-0: Ball
1-0: Ground out 3-1 (Groundball, 34, EV 83.1 MPH)
Andy Bridger to third
Batting: LHB Jose Chinchilla 0-0: Foul Ball, location: 2F
0-1: Swinging Strike
0-2: Foul Ball, location: 2F
0-2: Strikes out looking
Top of the 3rd over - 0 runs, 1 hit, 0 errors, 1 left on base; Norfolk 0 - Omaha 1
BOTTOM OF THE 3RD
Omaha Storm Chasers batting - Pitching for Norfolk Tides : RHP Sam Wilson
Batting: RHB Jason Birge 0-0: Ball
1-0: Ball
2-0: Called Strike
2-1: Foul Ball, location: 2F
2-2: Strikes out swinging
Batting: LHB Chris Eaker 0-0: Called Strike
0-1: Ball
1-1: Ground out U3 (Groundball, 3S, EV 80.0 MPH)
Batting: LHB Jim Pankratz 0-0: Ground out 4-3 (Groundball, 4D, EV 100.6 MPH)
Bottom of the 3rd over - 0 runs, 0 hits, 0 errors, 0 left on base; Norfolk 0 - Omaha 1
TOP OF THE 4TH
Norfolk Tides batting - Pitching for Omaha Storm Chasers : RHP Matthew Orphan
Pitching: LHP Francisco de la Torre
Batting: RHB Kory Sanchez 0-0: Ball
1-0: Ball
2-0: Foul Ball, location: 2F
2-1: Ball
3-1: Called Strike
3-2: Ground out 1-3 (Groundball, 15S, EV 71.9 MPH)
Batting: RHB Muneer Maudad 0-0: Ball
1-0: Ball
2-0: Ball
3-0: Base on Balls
Batting: LHB Wes Goscinski 0-0: Swinging Strike
0-1: Ball
1-1: Ball
2-1: Foul Ball, location: 2F
2-2: DOUBLE (Line Drive, 7LD, EV 111.9 MPH)
Muneer Maudad to third
Batting: SHB Brian Bentz 0-0: Called Strike
0-1: Foul Ball, location: 2F
0-2: Strikes out swinging
Batting: RHB Travis Carter 0-0: Ball
1-0: Ball
2-0: Swinging Strike
2-1: Swinging Strike
2-2: Ball
3-2: Foul Ball, location: 2F
3-2: Base on Balls
Batting: RHB Ryan Taylor 0-0: Ball
1-0: Called Strike
1-1: Swinging Strike
1-2: Foul Ball, location: 2F
1-2: Fly out, F7 (Flyball, 7LSF, EV 84.4 MPH)
Top of the 4th over - 0 runs, 1 hit, 0 errors, 3 left on base; Norfolk 0 - Omaha 1
BOTTOM OF THE 4TH
Omaha Storm Chasers batting - Pitching for Norfolk Tides : RHP Sam Wilson
Batting: RHB Walt Cogswell 0-0: Called Strike
0-1: Ball
1-1: SOLO HOME RUN (Flyball, 78XD, EV 105.6 MPH), Distance : 404 ft
Batting: RHB Taisei Fujii 0-0: Called Strike
0-1: Ground out 6-3 (Groundball, 6, EV 84.4 MPH)
Batting: RHB Danny Weisse 0-0: Foul Ball, location: 2F
0-1: Ball
1-1: Ball
2-1: Called Strike
2-2: Ball
3-2: Fly out, F8 (Line Drive, 8LM, EV 96.9 MPH)
Batting: LHB Danny Bailey 0-0: Ball
1-0: Foul Ball, location: 2F
1-1: Ball
2-1: Ground out U3 (Groundball, 3L, EV 83.1 MPH)
Bottom of the 4th over - 1 run, 1 hit, 0 errors, 0 left on base; Norfolk 0 - Omaha 2
TOP OF THE 5TH
Norfolk Tides batting - Pitching for Omaha Storm Chasers : LHP Francisco de la Torre
Batting: RHB Andy Bridger 0-0: Called Strike
0-1: SINGLE (Groundball, 4MD, EV 108.1 MPH)
Pitching: LHP Yorinobu Noguchi
Pinch Hitting: RHB Mario Saez 0-0: Foul Ball, location: 2F
0-1: Ball
1-1: Called Strike
1-2: Ball
2-2: Foul Ball, location: 2F
2-2: Fly out, F9 (Flyball, 9, EV 86.9 MPH)
Pinch Hitting: RHB Danny Baeza 0-0: Swinging Strike
0-1: DOUBLE (Groundball, 5L, EV 102.5 MPH)
Andy Bridger to third
Runner from 3rd tries for Home, SAFE, no throw by LF
Batting: RHB Kory Sanchez 0-0: Swinging Strike
0-1: Foul Ball, location: 2F
0-2: Ball
1-2: Ground out 4-3 (Groundball, 4MS, EV 85.0 MPH)
Danny Baeza to third
Batting: RHB Muneer Maudad 0-0: Ball
1-0: Ball
2-0: Called Strike
2-1: Foul Ball, location: 2F
2-2: Strikes out swinging
Top of the 5th over - 1 run, 2 hits, 0 errors, 1 left on base; Norfolk 1 - Omaha 2
BOTTOM OF THE 5TH
Omaha Storm Chasers batting - Pitching for Norfolk Tides : RHP Sam Wilson
Now at 2B: Danny Baeza
Now at 3B: Travis Carter
Now in RF: Mario Saez
Batting: SHB Francisco Gutierrez 0-0: Called Strike
0-1: Foul Ball, location: 2F
0-2: Ball
1-2: Ball
2-2: Ball
3-2: Fly out, F8 (Flyball, 8RM, EV 93.8 MPH)
Batting: RHB Yuichi Takata 0-0: Called Strike
0-1: Swinging Strike
0-2: Strikes out looking
Batting: RHB Jason Birge 0-0: Ball
1-0: SINGLE (Line Drive, 89S, EV 112.5 MPH)
Batting: LHB Chris Eaker 0-0: Ball
1-0: Ball
2-0: Ball
3-0: Swinging Strike
3-1: Ground out 4-3 (Groundball, 4D, EV 97.5 MPH)
Bottom of the 5th over - 0 runs, 1 hit, 0 errors, 1 left on base; Norfolk 1 - Omaha 2
TOP OF THE 6TH
Norfolk Tides batting - Pitching for Omaha Storm Chasers : LHP Yorinobu Noguchi
Batting: LHB Wes Goscinski 0-0: Foul Ball, location: 2F
0-1: Called Strike
0-2: Ball
1-2: Strikes out swinging
Batting: SHB Brian Bentz 0-0: Called Strike
0-1: Ball
1-1: Ball
2-1: Ball
3-1: Foul Ball, location: 2F
3-2: Foul Ball, location: 2F
3-2: Base on Balls
Batting: RHB Travis Carter 0-0: Called Strike
Brian Bentz steals 2nd base
0-1: Foul Ball, location: 2F
0-2: Ball
1-2: Foul Ball, location: 2F
1-2: Ball
2-2: Foul Ball, location: 2F
2-2: Ball
3-2: Base on Balls
Pitching: RHP Joe Noonan
Batting: RHB Ryan Taylor 0-0: Ball
1-0: Ball
Brian Bentz steals 3rd base
Travis Carter to second
2-0: Ball
3-0: Base on Balls
Batting: RHB Andy Bridger 0-0: Ball
1-0: Swinging Strike
1-1: Fly out, F8 (Line Drive, 8LD, EV 91.2 MPH)
Runner from 3rd tags up, OUT at HOME! 8-2
Top of the 6th over - 0 runs, 0 hits, 0 errors, 2 left on base; Norfolk 1 - Omaha 2
BOTTOM OF THE 6TH
Omaha Storm Chasers batting - Pitching for Norfolk Tides : RHP Sam Wilson
Batting: LHB Jim Pankratz 0-0: Ball
1-0: Ball
2-0: DOUBLE (Flyball, 89D, EV 112.5 MPH)
Batting: RHB Walt Cogswell 0-0: Ball
1-0: Swinging Strike
1-1: Foul Ball, location: 2F
1-2: Strikes out swinging
Batting: RHB Taisei Fujii 0-0: Ball
1-0: Fly out, F3 (Popup, 3, EV 60.6 MPH)
Batting: RHB Danny Weisse 0-0: Called Strike
0-1: Ball
Wild Pitch!
Jim Pankratz to third
1-1: Foul Ball, location: 2F
1-2: Ball
2-2: Foul Ball, location: 2F
2-2: Ball
3-2: Fly out, F8 (Line Drive, 8LM, EV 91.2 MPH)
Bottom of the 6th over - 0 runs, 1 hit, 0 errors, 1 left on base; Norfolk 1 - Omaha 2
TOP OF THE 7TH
Norfolk Tides batting - Pitching for Omaha Storm Chasers : RHP Joe Noonan
Batting: RHB Mario Saez 0-0: Ball
1-0: Ball
2-0: Called Strike
2-1: Foul Ball, location: 2F
2-2: Ball
3-2: Strikes out swinging
Batting: RHB Danny Baeza 0-0: Ball
1-0: Foul Ball, location: 2F
1-1: Ball
2-1: Ball
3-1: Fly out, F9 (Line Drive, 9, EV 85.0 MPH)
Batting: RHB Kory Sanchez 0-0: Ball
1-0: Ball
2-0: Ball
3-0: Called Strike
3-1: Called Strike
3-2: Base on Balls
Pitching: RHP Jake Gregor
Batting: RHB Muneer Maudad 0-0: Foul Ball, location: 2F
0-1: Swinging Strike
0-2: Strikes out swinging
Top of the 7th over - 0 runs, 0 hits, 0 errors, 1 left on base; Norfolk 1 - Omaha 2
BOTTOM OF THE 7TH
Omaha Storm Chasers batting - Pitching for Norfolk Tides : RHP Sam Wilson
Batting: LHB Danny Bailey 0-0: Called Strike
0-1: Ball
1-1: Ball
2-1: Called Strike
2-2: Strikes out looking
Batting: SHB Francisco Gutierrez 0-0: Called Strike
0-1: Ball
1-1: Foul Ball, location: 2F
1-2: Strikes out swinging
Batting: RHB Yuichi Takata 0-0: Ball
1-0: Ball
2-0: Ground out U3 (Groundball, 3S, EV 80.6 MPH)
Bottom of the 7th over - 0 runs, 0 hits, 0 errors, 0 left on base; Norfolk 1 - Omaha 2
TOP OF THE 8TH
Norfolk Tides batting - Pitching for Omaha Storm Chasers : RHP Jake Gregor
Batting: LHB Wes Goscinski 0-0: Ball
1-0: Ball
2-0: Called Strike
2-1: Foul Ball, location: 2F
2-2: Strikes out swinging
Batting: SHB Brian Bentz 0-0: Ball
1-0: Ball
2-0: Foul Ball, location: 2F
2-1: Called Strike
2-2: Strikes out swinging
Batting: RHB Travis Carter 0-0: Ball
1-0: Ground out 4-3 (Groundball, 34S, EV 85.0 MPH)
Top of the 8th over - 0 runs, 0 hits, 0 errors, 0 left on base; Norfolk 1 - Omaha 2
BOTTOM OF THE 8TH
Omaha Storm Chasers batting - Pitching for Norfolk Tides : RHP Sam Wilson
Pitching: RHP Corey Rizzuto
Batting: RHB Jason Birge 0-0: Called Strike
0-1: Ball
1-1: Called Strike
1-2: Ball
2-2: Ball
3-2: Ground out 4-3 (Groundball, 4, EV 89.4 MPH)
Batting: LHB Chris Eaker 0-0: SINGLE (Groundball, 56D, EV 96.9 MPH)
Batting: LHB Jim Pankratz 0-0: Ball
1-0: Swinging Strike
1-1: Swinging Strike
1-2: Fly out, F8 (Flyball, 8LD, EV 88.8 MPH)
Batting: RHB Walt Cogswell 0-0: Called Strike
0-1: Ball
1-1: Ball
2-1: Foul Ball, location: 2F
2-2: Strikes out swinging
Bottom of the 8th over - 0 runs, 1 hit, 0 errors, 1 left on base; Norfolk 1 - Omaha 2
TOP OF THE 9TH
Norfolk Tides batting - Pitching for Omaha Storm Chasers : RHP Jake Gregor
Pitching: RHP Gan Ts'ong
Batting: RHB Ryan Taylor 0-0: Ball
1-0: Fly out, F8 (Flyball, 8LXD, EV 93.1 MPH)
Pinch Hitting: RHB Ashton Holloway 0-0: Called Strike
0-1: Ball
1-1: SINGLE (Flyball, 78S, EV 86.2 MPH)
Batting: RHB Mario Saez 0-0: Called Strike
0-1: Ball
1-1: Ball
2-1: Ball
3-1: Base on Balls
Ashton Holloway to second
Pinch Hitting: SHB Ben Pierce 0-0: Swinging Strike
0-1: Foul Ball, location: 2F
0-2: Ball
1-2: Foul Ball, location: 2F
1-2: Ball
2-2: Strikes out swinging
Batting: RHB Kory Sanchez 0-0: Ball
1-0: Called Strike
1-1: SINGLE (Line Drive, 89S, EV 99.4 MPH)
Ashton Holloway to third
Mario Saez to second
Runner from 3rd tries for Home, SAFE, throw by RF to home
Pitching: RHP Ken Hall
Batting: RHB Muneer Maudad 0-0: 3-RUN HOME RUN (Flyball, 78XD, EV 96.2 MPH), Distance : 388 ft
Batting: LHB Wes Goscinski 0-0: Ball
1-0: Ball
2-0: Fly out, F7 (Flyball, 78M, EV 81.2 MPH)
Top of the 9th over - 4 runs, 3 hits, 0 errors, 0 left on base; Norfolk 5 - Omaha 2
BOTTOM OF THE 9TH
Omaha Storm Chasers batting - Pitching for Norfolk Tides : RHP Corey Rizzuto
Pitching: RHP Brent Widder
Now at 2B: Andrew Korman
Now at SS: Bobby Scholl
Batting: RHB Taisei Fujii 0-0: Ball
1-0: SINGLE (Line Drive, 89M, EV 92.5 MPH)
Batting: RHB Danny Weisse 0-0: Ball
1-0: Ball
2-0: Ball
3-0: Base on Balls
Taisei Fujii to second
Batting: LHB Danny Bailey 0-0: Called Strike
0-1: Foul Ball, location: 2F
0-2: Ball
1-2: Ball
2-2: Fielders Choice at 2nd, 3-6 (Groundball, 34S, EV 81.9 MPH)
Taisei Fujii to third
Batting: SHB Francisco Gutierrez 0-0: Ball
1-0: Called Strike
1-1: Foul Ball, location: 2F
1-2: Ball
2-2: Foul Ball, location: 2F
2-2: Strikes out swinging
Pinch Hitting: LHB Shigeru Ono 0-0: Hit by Pitch
Danny Bailey to second
Pinch Hitting: LHB Willie Gutierrez 0-0: Ball
1-0: Ball
2-0: Foul Ball, location: 2F
2-1: Ground out 4-3 (Groundball, 4, EV 86.2 MPH)
Bottom of the 9th over - 0 runs, 1 hit, 0 errors, 3 left on base; Norfolk 5 - Omaha 2
Tuesday, March 28th , 2023 - OOTP Baseball 23.10 Build 110